 Dungeon Crawl Stone Soup version 0.27-a0-1308-gc08437e49b (webtiles) character file.

Game seed: 9769686915391370158

9074 Armakuni the Spear-Bearer (level 11, -2/87 HPs)
             Began as a Human Gladiator on June 17, 2021.
             Was a Follower of Elyvilon.
             Slain by a two-headed ogre (17 damage)
             ... on level 11 of the Dungeon on June 18, 2021.
             The game lasted 00:32:46 (13575 turns).

Armakuni the Spear-Bearer (Human Gladiator)        Turns: 13575, Time: 00:32:47

Health: -2/87      AC: 12    Str: 15    XL:     11   Next: 67%
Magic:  14/14      EV: 17    Int: 12    God:    Elyvilon [*.....]
Gold:   1134       SH:  0    Dex: 14    Spells: 9/10 levels left

rFire    + . .     SeeInvis .   a - +1 quarterstaff
rCold    . . .     Faith    +   (shield currently unavailable)
rNeg     . . .     Spirit   .   v - +3 robe of Clouds {+Thunder rCloud rElec}
rPois    .         Reflect  .   g - +2 helmet
rElec    +         Harm     .   c - scarf {repulsion}
rCorr    +         Rampage  .   o - +2 pair of gloves of the Slightly Bent {rCorr}
Will     .....                  k - +0 pair of boots
Stlth    +.........             U - amulet of faith
HPRegen  0.24/turn              E - +4 ring of evasion
MPRegen  0.14/turn              F - ring of protection from fire

@: repel missiles
A: no striking features
a: Renounce Religion, Evoke Thunderclouds, Lesser Healing, Divine Protection


You were on level 11 of the Dungeon.
You worshipped Elyvilon.
Elyvilon was aware of your devotion.
You visited 2 branches of the dungeon, and saw 12 of its levels.
You also visited: Bailey.

You collected 1701 gold pieces.
You spent 567 gold pieces at shops.

Inventory:

Hand Weapons
 a - a +1 quarterstaff (weapon)
Armour
 c - a scarf of repulsion (worn)
 g - a +2 helmet (worn)
 k - a +0 pair of boots (worn)
 o - the +2 pair of gloves of the Slightly Bent (worn) {rCorr}
   (You bought it in a shop on level 6 of the Dungeon)

   It protects you from acid and corrosion.
 v - the +3 robe of Clouds (worn) {+Thunder rCloud rElec}
   (You found it on level 9 of the Dungeon)

   It insulates you from electricity.
Magical Staves
 b - a staff of earth
Jewellery
 h - a ring of fire
 t - a ring of resist corrosion
 x - a ring of flight
 E - a +4 ring of evasion (left hand)
 F - a ring of protection from fire (right hand)
 J - a ring of ice
 U - an amulet of faith (around neck)
Wands
 s - a wand of digging (4)
Scrolls
 i - a scroll of amnesia
 j - 2 scrolls of identify
 l - a scroll of noise
 m - 2 scrolls of fog
 p - a scroll of magic mapping
 r - a scroll of brand weapon
 u - a scroll of blinking
 y - 3 scrolls of enchant armour
Potions
 e - a potion of magic
 f - 6 potions of curing
 n - 6 potions of ambrosia
 z - a potion of heal wounds


   Skills:
 - Level 8.9 Fighting
 - Level 14.1(15.1) Polearms
 + Level 10.0(13.2) Staves
 - Level 2.0 Throwing
 - Level 3.0 Dodging
 - Level 5.0 Invocations


You had 9 spell levels left.
You knew the following spells:

 Your Spells              Type           Power      Damage    Failure   Level
a - Apportation           Tloc           0%         N/A       32%         1

Your spell library contained the following spells:

 Spells                   Type           Power      Damage    Failure   Level
 Summon Small Mammal      Summ           0%         N/A       32%         1
 Call Imp                 Summ           0%         N/A       45%         2
 Call Canine Familiar     Summ           0%         N/A       69%         3
 Lesser Beckoning         Tloc           0%         N/A       69%         3
 Summon Guardian Golem    Hex/Summ       0%         N/A       69%         3
 Tukima's Dance           Hex            0%         N/A       69%         3
 Summon Ice Beast         Ice/Summ       0%         N/A       97%         4
 Summon Lightning Spire   Summ/Air       0%         N/A       97%         4
 Alistair's Intoxication  Tmut/Pois      0%         N/A       100%        5
 Invisibility             Hex            0%         N/A       100%        6


Dungeon Overview and Level Annotations

Branches:
Dungeon (11/15)            Temple (1/1) D:4          Bailey (visited)
   Lair: D:8-11         Orc: D:9-12

Altars:
Ashenzari
Cheibriados
Dithmenos
Elyvilon
Fedhas
Gozag
Hepliaklqana
Kikubaaqudgha
Makhleb
Nemelex Xobeh
Okawaru
Qazlal
Ru
Sif Muna
Trog
Uskayaw
Vehumet
Wu Jian
Xom
Yredelemnul
Zin
The Shining One

Shops:
D:2 *   D:5 *   D:6 [*

Annotations:
D:10 Grum


Message History

You are healed.
You are healed.
You are healed.
You are healed.
You are healed.
Okay, then.
You start resting.
Magic restored.
You start resting.
HP restored.
There is a stone staircase leading down here.
You climb downwards.
The two-headed ogre shouts in stereo!
There is a stone staircase leading up here.
Okay, then.
Okay, then.
You barely miss the two-headed ogre.
The two-headed ogre hits you with a +0 giant spiked club!
The two-headed ogre hits you with a +0 giant spiked club!!
You sock the two-headed ogre!
The two-headed ogre is moderately wounded.
You hit the two-headed ogre.
The two-headed ogre is moderately wounded.
You thump the two-headed ogre!
The two-headed ogre is heavily wounded.
The two-headed ogre misses you.
The two-headed ogre hits you with a +0 giant spiked club!
You hit the two-headed ogre but do no damage.
The two-headed ogre is heavily wounded.
You sock the two-headed ogre!
The two-headed ogre is severely wounded.
The two-headed ogre hits you with a +0 giant spiked club!!
* * * LOW HITPOINT WARNING * * *
The two-headed ogre misses you.
You hit the two-headed ogre.
The two-headed ogre is severely wounded.
You sock the two-headed ogre!
The two-headed ogre is almost dead.
The two-headed ogre hits you with a +0 giant spiked club!
You die...

...............
...............
..............
.............
#......?....
#...........
#####...........
.......<@O......
........##...###
........# ..#
........# .#
####....# ..
#....# .. #.....
. #.....


You could see a two-headed ogre.

Vanquished Creatures
  2 two-headed ogres
  Nergalle (D:10)
  Pikel (D:7)
  An orc knight (Bailey)
  A gargoyle (D:10)
  2 trolls
  A queen bee (D:10)
  Sigmund (D:3)
  5 yaks (D:9)
  A steam dragon (D:7)
  Purgy (D:3)
  7 orc warriors
  A black bear (D:6)
  An ice beast (D:5)
  A sky beast (D:5)
  An ogre (D:5)
  A wolf (D:10)
  3 centaurs
  4 kobold brigands
  3 bullfrogs (D:7)
  2 scorpions
  A water moccasin skeleton (D:5)
  22 killer bees
  3 wights (D:9)
  A howler monkey (D:10)
  A bullfrog zombie (D:7)
  3 centaur zombies
  4 orc priests
  4 gnoll shamans
  3 hounds
  A centaur skeleton (D:6)
  2 bullfrog skeletons
  3 iguanas
  A scorpion zombie (D:5)
  9 orc wizards
  2 killer bee zombies (D:8)
  2 hound zombies (D:5)
  A hound skeleton (D:4)
  3 howler monkey zombies
  Robin (D:2)
  17 gnolls
  6 adders
  A shadow imp (D:8)
  A white imp (D:7)
  An ufetubus (D:4)
  A worm (D:5)
  A dart slug (D:1)
  36 orcs
  9 endoplasms
  2 giant cockroaches
  12 goblins
  13 hobgoblins
  A jackal (D:6)
  A quokka (D:3)
  5 ball pythons
  7 bats
  2 frilled lizards
  26 kobolds
  5 rats
255 creatures vanquished.

Vanquished Creatures (others)
  An orc warrior (Bailey)
  3 killer bees (D:10)
  A plant (D:2)
5 creatures vanquished.

Grand Total: 260 creatures vanquished

Notes
Turn   | Place    | Note
-------+----------+-------------------------------------------
     0 | D:1      | Armakuni the Human Gladiator began the quest for the Orb.
     0 | D:1      | Reached XP level 1. HP: 16/16 MP: 1/1
   397 | D:1      | Reached XP level 2. HP: 22/22 MP: 2/2
   745 | D:1      | Reached XP level 3. HP: 28/28 MP: 3/3
   786 | D:1      | Found a faded altar of an unknown god.
  1144 | D:2      | Noticed Robin
  1591 | D:2      | Killed Robin
  1592 | D:2      | Reached XP level 4. HP: 35/35 MP: 4/4
  1822 | D:2      | Found Wiyz's General Store.
  2152 | D:2      | Reached XP level 5. HP: 38/41 MP: 5/5
  2691 | D:3      | Noticed Purgy
  2714 | D:3      | Killed Purgy
  2715 | D:3      | Reached skill level 5 in Staves
  2715 | D:3      | Reached XP level 6. HP: 26/49 MP: 6/6
  2951 | D:3      | Noticed Sigmund
  3608 | D:4      | Found a hide-covered altar of Uskayaw.
  3647 | D:4      | Found a staircase to the Ecumenical Temple.
  3652 | Temple   | Entered the Ecumenical Temple
  3909 | Temple   | Became a worshipper of Elyvilon the Healer
  4013 | D:4      | Found a glowing silver altar of Zin.
  4088 | D:5      | Entered Level 5 of the Dungeon
  4149 | D:5      | Noticed an ogre
  4153 | D:5      | Noticed an ice beast
  4258 | D:5      | Reached skill level 5 in Fighting
  4258 | D:5      | Reached XP level 7. HP: 39/56 MP: 7/7
  4514 | D:5      | Found Foplued's Assorted Antiques.
  4626 | D:6      | Found Quunocor's Armour Boutique.
  4858 | D:5      | Learned a level 1 spell: Apportation
  4926 | D:5      | Found a sacrificial altar of Ru.
  5127 | D:6      | Reached XP level 8. HP: 64/64 MP: 8/8
  5263 | D:6      | Found Xoes's General Store.
  5455 | D:6      | Reached * piety under Elyvilon
  5483 | D:6      | Reached skill level 1 in Invocations
  6398 | D:5      | Upgraded the game from 0.27-a0-1301-g128193abf8 to
                  | 0.27-a0-1308-gc08437e49b
  6502 | D:6      | Reached skill level 5 in Invocations
  6681 | D:6      | Reached XP level 9. HP: 71/71 MP: 12/12
  6972 | D:6      | Bought the +2 pair of gloves of the Slightly Bent {rCorr}
                  | for 271 gold pieces
  7225 | D:7      | Noticed a troll
  7275 | D:7      | Noticed Pikel
  7314 | D:7      | Killed Pikel
  7902 | D:7      | Killed a troll
  8152 | D:8      | Reached ** piety under Elyvilon
  8221 | D:8      | Noticed a two-headed ogre
  8313 | D:7      | Reached XP level 10. HP: 77/82 MP: 13/13
  8416 | D:7      | Killed a two-headed ogre
  8417 | D:7      | Reached skill level 6 in Polearms
  8475 | D:8      | Reached skill level 7 in Polearms
  8937 | D:9      | Found an ancient bone altar of Kikubaaqudgha.
  8944 | D:9      | Found the +3 robe of Clouds {+Thunder rCloud rElec}
  9093 | D:9      | Noticed a two-headed ogre
  9106 | D:9      | Killed a two-headed ogre
  9107 | D:9      | Reached skill level 9 in Polearms
  9405 | D:9      | Reached skill level 10 in Polearms
  9770 | D:9      | Reached skill level 11 in Polearms
  9911 | D:9      | Found a basalt altar of Yredelemnul.
 10370 | D:6      | Bought a scroll of brand weapon for 200 gold pieces
 10415 | D:5      | Bought a fuming pink potion for 21 gold pieces
 10501 | D:3      | Killed Sigmund
 10502 | D:3      | Reached skill level 12 in Polearms
 10502 | D:3      | Reached XP level 11. HP: 59/87 MP: 14/14
 10532 | D:2      | Bought a scroll of enchant weapon for 75 gold pieces
 11043 | D:10     | Entered Level 10 of the Dungeon
 11081 | D:10     | Found a flagged portal.
 11092 | Bailey   | Entered a bailey
 11092 | Bailey   | Noticed an orc knight
 11288 | Bailey   | Killed an orc knight
 11289 | Bailey   | Reached skill level 13 in Polearms
 11886 | D:10     | Noticed Nergalle
 11909 | D:10     | Killed Nergalle
 12041 | D:10     | Reached skill level 14 in Polearms
 12188 | D:10     | Found an ornate altar of the Wu Jian Council.
 12189 | D:10     | Found a broken altar of Ashenzari.
 13218 | D:10     | Reached skill level 10 in Staves
 13398 | D:10     | Noticed Grum
 13441 | D:11     | Noticed a two-headed ogre
 13575 | D:11     | Slain by a two-headed ogre

Illustrated notes

Levels and vault maps discovered:
D:1:      ncdulo_smallfort, layout_loops_ring,
          shapermc_ecumenical_altar_mp_vishouse
D:2:      cheibrodos_old_hovel, layout_loops_cross, serial_shops,
          nicolae_shop_temple_entry_statues_fountains, amethyst_killhole,
          amcnicky_mini_rare_corridor_liquid, minmay_tromino_v4_c, uniq_robin
D:3:      cheibrodos_thug_alley, layout_basic, uniq_purgy, uniq_sigmund
D:4:      layout_cave_pools, nicolae_uskayaw_murder_on_the_dancefloor,
          kennysheep_little_box, minmay_temple_entry_butterflies
D:5:      layout_basic, nicolae_ru_path_of_blood, serial_shops, kennysheep_mini
D:6:      layout_cave_pools, serial_gnoll_camp, gnoll_camp_mini_basic,
          gnoll_camp_mini_hut, gnoll_camp_mini_doghouse, gnoll_camp_mini_shop,
          serial_shops, shop, chequers_serial_rivers_micro_a,
          kennysheep_flooded_box, chequers_jeans
D:7:      lemuel_ice_spiral_2, layout_basic, minmay_manual_monolith, uniq_pikel
D:8:      layout_cave_pools, kennysheep_generic_room_13
D:9:      layout_stronghold, overflow_temple_1_default, lemuel_round_altar,
          nicolae_straight_to_the_point
D:10:     layout_stronghold, chequers_temple_overflow_statue_of_worship,
          enter_bailey_2, minivault_7, uniq_nergalle, uniq_grum
D:11:     layout_small_grid, dpeg_oklobed_lair
Temple:   regret_index_temple_generic_petals

Skill      XL: |  1  2  3  4  5  6  7  8  9 10 11 |
---------------+----------------------------------+-----
Fighting       | 3 4 5 6 8 |  8.9
Staves         | 4 5 6 7 9 10 | 10.0
Invocations    | 5 |  5.0
Polearms       | 12 14 | 14.1
Throwing       | |  2.0
Dodging        | |  3.0

Action                   |  1- 3 |  4- 6 |  7- 9 | 10-12 || total
-------------------------+-------+-------+-------+-------++-------
Melee: Quarterstaff      |    98 |   199 |   376 |   547 ||  1220
Throw: Throwing net      |       |     7 |       |     3 ||    10
       Dart              |       |       |       |     7 ||     7
Invok: Lesser Healing    |       |       |    24 |    88 ||   112
       Heal Other        |       |       |       |     8 ||     8
       Divine Protection |       |       |       |     1 ||     1
Evoke: Wand              |       |       |     6 |    17 ||    23
  Use: Scroll            |     2 |     4 |     8 |    11 ||    25
       Potion            |     1 |     2 |       |     8 ||    11
 Stab: Held in net/web   |       |     2 |       |     3 ||     5
       Sleeping          |       |     1 |       |     1 ||     2
Armor: Leather armour    |    39 |    27 |       |       ||    66
       Ring mail         |       |    61 |   121 |       ||   182
       Steam dragon scal |       |       |    17 |    47 ||    64
       Robe              |       |       |       |    82 ||    82
Dodge: Dodged            |    88 |   168 |   321 |   512 ||  1089
       Repelled          |       |       |     1 |     6 ||     7

Table legend: (Time is in decaauts)
 A = Elapsed time spent in this place.
 B = Non-inter-level travel time spent in this place.
 C = Inter-level travel time spent in this place.
 D = Time resting spent in this place.
 E = Time spent auto-exploring this place.
 F = Levels seen in this place.
 G = Mean time per level.
                   A        B        C        D        E       F      G
               +--------+--------+--------+--------+--------+-----+--------+
         Total |  13451 |  12730 |    721 |   2589 |   6857 |  13 | 1034.7 |
       Dungeon |  12628 |  11972 |    656 |   2216 |   6641 |  11 | 1148.0 |
        Temple |    283 |    218 |     65 |      0 |    216 |   1 |  283.0 |
        Bailey |    539 |    539 |      0 |    373 |      0 |   1 |  539.0 |
               +--------+--------+--------+--------+--------+-----+--------+

Top non-repeatable levels by time:
     D:5: 2034 daAuts
    D:10: 1889 daAuts
     D:1: 1336 daAuts
     D:3: 1258 daAuts
     D:9: 1221 daAuts
     D:7: 1212 daAuts
     D:2: 1187 daAuts
     D:6: 1043 daAuts
     D:8: 740 daAuts
     D:4: 690 daAuts
  Bailey: 539 daAuts
  Temple: 283 daAuts
    D:11: 14 daAuts
